[Event "Turkish Club Cup 2019"]
[Site "Konya"]
[Date "2019.07.18"]
[Round "4"]
[White "Celiker, Yakup"]
[Black "Sari, Serdar"]
[Result "0-1"]
[ECO "A03"]
[WhiteElo "1930"]
[BlackElo "2023"]
[Annotator "NA RC"]
[PlyCount "104"]
[EventDate "2019.07.16"]
[EventType "team-tourn"]
[EventCountry "TUR"]
[SourceTitle "playchess.com"]
[Source "ChessBase"]
[SourceQuality "1"]
[TimeControl "5400+30"]

1. f4 d5 2. b3 c5 3. Bb2 Nc6 4. Nf3 Nf6 5. e3 Bg4 6. Be2 e6 7. O-O Bxf3 8. Bxf3 Bd6 9. c4 dxc4 10. bxc4 Qb6 11. Bc3 O-O 12. Na3 a6 13. Rb1 Qc7 14. Qb3 Rab8 15. Qb2 Ne8 16. Be2 b6 17. Nc2 e5 18. g3 f5 19. Rf2 g6 20. Bf3 e4 21. Be2 Qe7 22. Kg2 Nc7 23. a4 a5 24. Rg1 Nb4 25. Ne1 Ne6 26. Kh1 Qd7 27. Qa1 Rf7 28. h3 Kf8 29. Kh2 Ke7 30. Qd1 Kd8 31. Qb3 Kc7 32. d3 exd3 33. Nxd3 Rd8 34. Rd1 Qe8 35. Bf3 Nf8 36. Ne5 Re7 37. Rfd2 Ne6 38. Bxb4 cxb4 39. Nc6 Nc5 40. Qb1 Rdd7 41. Nxe7 Qxe7 42. Re1 Nxa4 43. e4 Nc3 44. Qd3 Bc5 45. Qxd7+ Qxd7 46. Rxd7+ Kxd7 47. g4 fxe4 48. Bxe4 Nxe4 49. Rxe4 b3 50. f5 gxf5 51. gxf5 b2 52. Re1 a4 0-1

[Event "Turkish Club Cup 2019"]
[Site "Konya"]
[Date "2019.07.18"]
[Round "4"]
[White "Oz, Ozan"]
[Black "Gulsoy, Mustafa Alpago"]
[Result "0-1"]
[ECO "B06"]
[WhiteElo "1923"]
[BlackElo "2069"]
[Annotator "NA RC"]
[PlyCount "48"]
[EventDate "2019.07.16"]
[EventType "team-tourn"]
[EventCountry "TUR"]
[SourceTitle "playchess.com"]
[Source "ChessBase"]
[SourceQuality "1"]
[TimeControl "5400+30"]

1. d4 d6 2. Bf4 g6 3. Nc3 Bg7 4. e4 c6 5. Qd2 Nd7 6. Nf3 e5 7. dxe5 dxe5 8. Bg5 Ngf6 9. O-O-O Qe7 10. Bh6 O-O 11. Bxg7 Kxg7 12. h4 Nc5 13. Qe3 b5 14. Nd2 Ng4 15. Qe1 Be6 16. f3 Nf6 17. Kb1 a5 18. g4 b4 19. Ne2 a4 20. Nc1 b3 21. cxb3 axb3 22. a3 Na4 23. Qg3 Nc3+ 24. bxc3 Qxa3 0-1

[Event "Turkish Club Cup 2019"]
[Site "Konya"]
[Date "2019.07.18"]
[Round "4"]
[White "Demirbas, Emre"]
[Black "Ersahince, Umut Utku"]
[Result "1/2-1/2"]
[ECO "C67"]
[WhiteElo "1913"]
[BlackElo "1677"]
[Annotator "NA RC"]
[PlyCount "63"]
[EventDate "2019.07.16"]
[EventType "team-tourn"]
[EventCountry "TUR"]
[SourceTitle "playchess.com"]
[Source "ChessBase"]
[SourceQuality "1"]
[TimeControl "5400+30"]

1. e4 e5 2. Nf3 Nc6 3. Bb5 Nf6 4. O-O Nxe4 5. Re1 Nd6 6. Nxe5 Be7 7. Bd3 Nxe5 8. Rxe5 O-O 9. Nc3 Bf6 10. Re3 g6 11. b3 Bd4 12. Bb2 b6 13. Rh3 Qf6 14. Rf3 Qg7 15. Rb1 Bb7 16. Rf4 Be5 17. Rh4 Rae8 18. f4 Bd4+ 19. Kh1 Re6 20. Qf1 Rfe8 21. Rh3 Qf6 22. Rg3 Nf5 23. Bxf5 Qxf5 24. d3 f6 25. h3 h5 26. Kh2 Kg7 27. a4 Kh7 28. Ba1 a6 29. Rd1 Be3 30. Ne2 Bc5 31. Rd2 Rxe2 32. Rxe2 1/2-1/2

[Event "Turkish Club Cup 2019"]
[Site "Konya"]
[Date "2019.07.18"]
[Round "4"]
[White "Guder, Eyup Sabri"]
[Black "Coban, Suleyman"]
[Result "1-0"]
[ECO "D78"]
[WhiteElo "1909"]
[BlackElo "1667"]
[Annotator "NA RC"]
[PlyCount "95"]
[EventDate "2019.07.16"]
[EventType "team-tourn"]
[EventCountry "TUR"]
[SourceTitle "playchess.com"]
[Source "ChessBase"]
[SourceQuality "1"]
[TimeControl "5400+30"]

1. d4 d5 2. Nf3 g6 3. g3 Bg7 4. Bg2 Nf6 5. O-O O-O 6. c4 c6 7. Nc3 Bf5 8. Ne5 Be6 9. Qb3 Qb6 10. Qxb6 axb6 11. cxd5 Nxd5 12. Nxd5 Bxd5 13. Bxd5 cxd5 14. Rd1 Rc8 15. Bd2 Bxe5 16. dxe5 Nd7 17. Bb4 e6 18. f4 Rc2 19. Rd2 Rxd2 20. Bxd2 Nc5 21. a3 Nb3 22. Rd1 Nxd2 23. Rxd2 Rc8 24. Kf2 Kf8 25. Ke3 Ke7 26. Kd3 Kd7 27. e4 dxe4+ 28. Kxe4+ Ke7 29. Rd6 Rb8 30. Rxb6 Kd7 31. Rb3 Kc7 32. g4 Rh8 33. Rc3+ Kd7 34. Kd4 h5 35. Rh3 Rc8 36. gxh5 gxh5 37. Rb3 Rb8 38. a4 Kc7 39. Rh3 Rd8+ 40. Kc3 Rh8 41. Rg3 Kd7 42. Kb4 Rc8 43. Rd3+ Ke7 44. Rc3 Rg8 45. Rc7+ Kd8 46. Rxb7 Rg2 47. b3 Rxh2 48. a5 1-0

[Event "Turkish Club Cup 2019"]
[Site "Konya"]
[Date "2019.07.18"]
[Round "4"]
[White "Ergonen, Arda"]
[Black "Kinsiz, Onur"]
[Result "1/2-1/2"]
[ECO "B32"]
[WhiteElo "1905"]
[BlackElo "2210"]
[Annotator "NA"]
[PlyCount "62"]
[EventDate "2019.07.16"]
[EventType "team-tourn"]
[EventCountry "TUR"]
[SourceTitle "playchess.com"]
[Source "ChessBase"]
[SourceQuality "1"]
[TimeControl "5400+30"]

1. e4 c5 2. Nf3 Nc6 3. d4 cxd4 4. Nxd4 e5 5. Nb5 d6 6. a4 Be6 7. N1c3 a6 8. Na3 Rc8 9. Nc4 Nd4 10. Nd5 Nf6 11. Bg5 Bxd5 12. exd5 Be7 13. c3 Nf5 14. g4 Nh6 15. Bxh6 gxh6 16. Ne3 Rg8 17. Be2 Qb6 18. Rb1 Nd7 19. h4 Nf8 20. Nf5 Ng6 21. Nxh6 Rf8 22. Nf5 Nf4 23. Bf3 Qc5 24. Be4 Qc4 25. f3 Qc5 26. Qd2 Rc7 27. Rc1 a5 28. b3 Qb6 29. Rb1 Kd8 30. c4 Kc8 31. Qf2 Qb4+ 1/2-1/2

[Event "Turkish Club Cup 2019"]
[Site "Konya"]
[Date "2019.07.18"]
[Round "4"]
[White "Severcan, Sedat Sabri"]
[Black "Guner, Sati Emre"]
[Result "1/2-1/2"]
[ECO "D73"]
[WhiteElo "1885"]
[BlackElo "1912"]
[Annotator "NA RC"]
[PlyCount "76"]
[EventDate "2019.07.16"]
[EventType "team-tourn"]
[EventCountry "TUR"]
[SourceTitle "playchess.com"]
[Source "ChessBase"]
[SourceQuality "1"]
[TimeControl "5400+30"]

1. d4 d5 2. Nf3 Nf6 3. c4 c6 4. g3 g6 5. Bg2 Bg7 6. O-O dxc4 7. a4 O-O 8. Qc2 a5 9. Na3 Bf5 10. Qxc4 Na6 11. Ne5 Nb4 12. Bf4 Be6 13. Qc5 b6 14. Qc1 Rc8 15. Nf3 Bd5 16. Qd1 c5 17. dxc5 Rxc5 18. Be3 Rc6 19. Rc1 Rd6 20. Qe1 Ng4 21. Bf4 e5 22. Bg5 f6 23. Bd2 Bxf3 24. Bxf3 Rxd2 25. Bxg4 f5 26. Nc4 Rc2 27. Bh3 Qc7 28. b3 e4 29. Rxc2 Nxc2 30. Qb1 Nd4 31. Re1 Rc8 32. Bg2 Nxb3 33. Nd6 Qxd6 34. Qxb3+ Kh8 35. Rd1 Qf6 36. e3 Rd8 37. Rxd8+ Qxd8 38. Bf1 h5 1/2-1/2

[Event "Turkish Club Cup 2019"]
[Site "Konya"]
[Date "2019.07.18"]
[Round "4"]
[White "Oluc, Hakan"]
[Black "Basaran, Alp"]
[Result "1-0"]
[ECO "A36"]
[WhiteElo "1881"]
[BlackElo "1857"]
[Annotator "NA RC"]
[PlyCount "103"]
[EventDate "2019.07.16"]
[EventType "team-tourn"]
[EventCountry "TUR"]
[SourceTitle "playchess.com"]
[Source "ChessBase"]
[SourceQuality "1"]
[TimeControl "5400+30"]

1. c4 Nf6 2. g3 g6 3. Bg2 Bg7 4. Nc3 O-O 5. e4 d6 6. Nge2 c5 7. O-O Nc6 8. d3 a6 9. h3 Rb8 10. a4 Ne8 11. Be3 Nc7 12. d4 cxd4 13. Nxd4 Ne6 14. Nde2 Na5 15. b3 b5 16. axb5 axb5 17. cxb5 Bd7 18. b6 Nc6 19. Rb1 Nb4 20. Nd5 Nxd5 21. exd5 Nc5 22. b4 Na4 23. Nd4 Nc3 24. Qd2 Nxb1 25. Rxb1 Rxb6 26. Nc6 Bxc6 27. Bxb6 Qxb6 28. dxc6 Be5 29. Kh2 h5 30. f4 Bf6 31. h4 Rd8 32. Qd5 Ra8 33. Rc1 Qc7 34. f5 Kg7 35. b5 Be5 36. fxg6 e6 37. Qb3 Qe7 38. Kh1 d5 39. c7 Bxc7 40. Qc3+ Kxg6 41. Qxc7 Qxc7 42. Rxc7 Ra1+ 43. Kh2 Rb1 44. Rb7 Kf6 45. Bf3 d4 46. Bxh5 d3 47. Rxf7+ Ke5 48. Rd7 Rxb5 49. Rxd3 Kf6 50. Bg4 e5 51. Rd6+ Kg7 52. Bf5 1-0

[Event "Turkish Club Cup 2019"]
[Site "Konya"]
[Date "2019.07.18"]
[Round "4"]
[White "Atas, Yunus"]
[Black "Sancar, Alperen"]
[Result "1-0"]
[ECO "D47"]
[WhiteElo "1876"]
[BlackElo "1479"]
[Annotator "NA RC"]
[PlyCount "51"]
[EventDate "2019.07.16"]
[EventType "team-tourn"]
[EventCountry "TUR"]
[SourceTitle "playchess.com"]
[Source "ChessBase"]
[SourceQuality "1"]
[TimeControl "5400+30"]

1. Nf3 Nf6 2. c4 e6 3. d4 d5 4. Nc3 c6 5. e3 Nbd7 6. Bd3 dxc4 7. Bxc4 Nb6 8. Bd3 Be7 9. O-O O-O 10. Qe2 Re8 11. Rd1 Qc7 12. e4 Nbd7 13. e5 Nd5 14. Ne4 Nf8 15. Bd2 Ng6 16. g3 Qb6 17. a3 c5 18. dxc5 Bxc5 19. Nxc5 Qxc5 20. Ng5 Qb6 21. Qh5 Nxe5 22. Qxh7+ Kf8 23. Be4 Nc6 24. Qh8+ Ke7 25. Qxg7 Rf8 26. Bxd5 1-0

[Event "Turkish Club Cup 2019"]
[Site "Konya"]
[Date "2019.07.18"]
[Round "4"]
[White "Subasi, Cagrican"]
[Black "Cakir, Ege"]
[Result "1/2-1/2"]
[ECO "E42"]
[WhiteElo "1871"]
[BlackElo "1765"]
[Annotator "NA RC"]
[PlyCount "115"]
[EventDate "2019.07.16"]
[EventType "team-tourn"]
[EventCountry "TUR"]
[SourceTitle "playchess.com"]
[Source "ChessBase"]
[SourceQuality "1"]
[TimeControl "5400+30"]

1. d4 Nf6 2. c4 e6 3. Nc3 Bb4 4. e3 c5 5. Nge2 cxd4 6. exd4 O-O 7. a3 Be7 8. g3 d5 9. cxd5 Nxd5 10. Bg2 Nxc3 11. bxc3 Nc6 12. a4 Qc7 13. Bf4 Bd6 14. Bxd6 Qxd6 15. a5 e5 16. d5 Ne7 17. O-O Bg4 18. h3 Bh5 19. g4 Bg6 20. Ng3 e4 21. Nxe4 Bxe4 22. Bxe4 f5 23. gxf5 Nxf5 24. Qd3 Nh4 25. Ra4 g6 26. Qg3 Qd7 27. Rb4 Nf5 28. Qg4 Qc7 29. d6 Qxd6 30. Rxb7 Rae8 31. Bxf5 Rxf5 32. Rxa7 Qc5 33. Qd4 Rg5+ 34. Kh2 Qxd4 35. cxd4 Re2 36. a6 Rf5 37. Rb7 Ra2 38. a7 Rf7 39. Rb8+ Rf8 40. Kg3 Rxa7 41. Rxf8+ Kxf8 42. Kf4 Ke7 43. Rc1 Ra2 44. Rc7+ Kd6 45. Rxh7 Rxf2+ 46. Ke3 Ra2 47. Kf4 Rd2 48. Ke3 Ra2 49. Rg7 Kd5 50. Rd7+ Ke6 51. Rh7 Kd5 52. Kf4 Kxd4 53. Rd7+ Kc5 54. Rd3 Rg2 55. h4 Rf2+ 56. Kg3 Rf1 57. Ra3 Kd5 58. Ra6 1/2-1/2

[Event "Turkish Club Cup 2019"]
[Site "Konya"]
[Date "2019.07.18"]
[Round "4"]
[White "Iyiol, Mehmet"]
[Black "Ekici, Caner"]
[Result "1-0"]
[ECO "E69"]
[WhiteElo "1857"]
[BlackElo "1650"]
[Annotator "NA"]
[PlyCount "75"]
[EventDate "2019.07.16"]
[EventType "team-tourn"]
[EventCountry "TUR"]
[SourceTitle "playchess.com"]
[Source "ChessBase"]
[SourceQuality "1"]
[TimeControl "5400+30"]

1. c4 g6 2. Nf3 Bg7 3. d4 c6 4. Nc3 d6 5. g3 Nf6 6. Bg2 O-O 7. O-O Qc7 8. h3 Nbd7 9. e4 e5 10. Be3 b6 11. Qc2 Bb7 12. Rad1 Rac8 13. dxe5 dxe5 14. Rd2 Rfd8 15. Rfd1 Ne8 16. Qa4 h6 17. h4 Ra8 18. Bh3 Bc8 19. Qc2 a6 20. Na4 c5 21. Bxd7 Bxd7 22. Rxd7 Rxd7 23. Rxd7 Qxd7 24. Nxb6 Qc6 25. Nxa8 Qxa8 26. Bxc5 Qc6 27. b4 Nc7 28. Be3 Ne6 29. a4 Nd4 30. Bxd4 exd4 31. b5 axb5 32. axb5 Qc5 33. Qd3 Kf8 34. Qb3 Qc8 35. b6 Qb7 36. c5 Ke8 37. c6 Qb8 38. b7 1-0

[Event "Turkish Club Cup 2019"]
[Site "Konya"]
[Date "2019.07.18"]
[Round "4"]
[White "Yorgun, Yaren Naz"]
[Black "Ozgur, Sina"]
[Result "1/2-1/2"]
[ECO "C47"]
[WhiteElo "1819"]
[BlackElo "1524"]
[Annotator "NA RC"]
[PlyCount "64"]
[EventDate "2019.07.16"]
[EventType "team-tourn"]
[EventCountry "TUR"]
[SourceTitle "playchess.com"]
[Source "ChessBase"]
[SourceQuality "1"]
[TimeControl "5400+30"]

1. e4 e5 2. Nf3 Nc6 3. Nc3 Nf6 4. d4 exd4 5. Nxd4 Bb4 6. Nxc6 bxc6 7. Bd3 d5 8. exd5 O-O 9. O-O cxd5 10. h3 c6 11. Qf3 Be6 12. Ne2 Be7 13. Bf4 c5 14. c3 a5 15. Ng3 Qd7 16. Be5 Rad8 17. Rfd1 Qa7 18. Nf5 Bxf5 19. Qxf5 g6 20. Qf3 Qb6 21. b3 Ne8 22. Bc2 d4 23. cxd4 cxd4 24. Bf4 Bf6 25. Bd3 Ng7 26. Rac1 Rc8 27. Bc4 Nf5 28. Qg4 Rc6 29. Bd3 Ne7 30. Be4 Rxc1 31. Rxc1 Qb4 32. h4 Rd8 1/2-1/2

[Event "Turkish Club Cup 2019"]
[Site "Konya"]
[Date "2019.07.18"]
[Round "4"]
[White "Aslan, Dogukan"]
[Black "Ozdover, Mustafa Berkay"]
[Result "1/2-1/2"]
[ECO "E62"]
[WhiteElo "1806"]
[BlackElo "2130"]
[Annotator "NA"]
[PlyCount "70"]
[EventDate "2019.07.16"]
[EventType "team-tourn"]
[EventCountry "TUR"]
[SourceTitle "playchess.com"]
[Source "ChessBase"]
[SourceQuality "1"]
[TimeControl "5400+30"]

1. d4 Nf6 2. c4 g6 3. Nf3 Bg7 4. g3 d6 5. Bg2 O-O 6. O-O c6 7. Nc3 Qa5 8. e4 Qh5 9. Ng5 Qxd1 10. Rxd1 Nbd7 11. f4 c5 12. e5 cxd4 13. exf6 exf6 14. Nge4 dxc3 15. Nxc3 Nb6 16. b3 f5 17. Bb2 Rd8 18. c5 Nd7 19. cxd6 Nc5 20. Rab1 Be6 21. b4 Ne4 22. Nxe4 fxe4 23. Bxg7 Kxg7 24. Bxe4 Bxa2 25. Rb2 Be6 26. Bxb7 Rab8 27. Bf3 Rb6 28. Rbd2 Rxb4 29. Rd4 Rb6 30. Ra1 Rbxd6 31. Rxd6 Rxd6 32. Rxa7 Rd2 33. Ra1 h6 34. Rd1 Rb2 35. Bg2 h5 1/2-1/2

[Event "Turkish Club Cup 2019"]
[Site "Konya"]
[Date "2019.07.18"]
[Round "4"]
[White "Gundogan, Sinem Cagla"]
[Black "Ultanir, Guray"]
[Result "1-0"]
[ECO "B15"]
[WhiteElo "1806"]
[BlackElo "1601"]
[Annotator "NA"]
[PlyCount "55"]
[EventDate "2019.07.16"]
[EventType "team-tourn"]
[EventCountry "TUR"]
[SourceTitle "playchess.com"]
[Source "ChessBase"]
[SourceQuality "1"]
[TimeControl "5400+30"]

1. e4 c6 2. d4 g6 3. Nc3 Bg7 4. Be3 d5 5. f3 dxe4 6. fxe4 Nf6 7. Be2 O-O 8. Nf3 Qa5 9. O-O Ng4 10. Qd2 Nxe3 11. Qxe3 Bg4 12. e5 h6 13. Bc4 Kh7 14. Bxf7 Rxf7 15. Ng5+ hxg5 16. Rxf7 Qd8 17. Qxg5 Qxd4+ 18. Kh1 Nd7 19. Rf4 Qxe5 20. Qxg4 Nf6 21. Qh4+ Kg8 22. Re1 Qc5 23. Qh3 Qd6 24. Rff1 e5 25. Qg3 Nh5 26. Qg4 Rf8 27. Ne4 Qd4 28. Rxf8+ 1-0

[Event "Turkish Club Cup 2019"]
[Site "Konya"]
[Date "2019.07.18"]
[Round "4"]
[White "Temel, Burcu Melis"]
[Black "Koc, Azra Ece"]
[Result "1/2-1/2"]
[ECO "A08"]
[WhiteElo "1790"]
[BlackElo "1527"]
[Annotator "NA RC"]
[PlyCount "75"]
[EventDate "2019.07.16"]
[EventType "team-tourn"]
[EventCountry "TUR"]
[SourceTitle "playchess.com"]
[Source "ChessBase"]
[SourceQuality "1"]
[TimeControl "5400+30"]

1. Nf3 Nf6 2. g3 d5 3. Bg2 c5 4. O-O Nc6 5. d3 e6 6. Nbd2 Bd6 7. e4 dxe4 8. dxe4 O-O 9. c3 Rb8 10. Qe2 Bc7 11. Rd1 Qe7 12. Nf1 h6 13. h4 e5 14. N3h2 Be6 15. g4 Nh7 16. h5 b5 17. Ne3 Na5 18. Nd5 Bxd5 19. exd5 Nc4 20. Nf1 Rfe8 21. Ng3 Nd6 22. Be3 Bb6 23. Ne4 c4 24. a4 Bxe3 25. Qxe3 b4 26. Nxd6 Qxd6 27. Qe2 Rec8 28. Re1 f6 29. Qe3 a5 30. Rad1 Nf8 31. Be4 Rc5 32. Qf3 Rd8 33. b3 cxb3 34. cxb4 axb4 35. Qxb3 Rc3 36. Qb2 Ra3 37. Qc2 b3 38. Qc6 1/2-1/2

[Event "Turkish Club Cup 2019"]
[Site "Konya"]
[Date "2019.07.18"]
[Round "4"]
[White "Kacangar, Mehmed"]
[Black "Kiran, Seyit Kaan"]
[Result "1-0"]
[ECO "D51"]
[WhiteElo "1785"]
[BlackElo "1230"]
[Annotator "NA"]
[PlyCount "85"]
[EventDate "2019.07.16"]
[EventType "team-tourn"]
[EventCountry "TUR"]
[SourceTitle "playchess.com"]
[Source "ChessBase"]
[SourceQuality "1"]
[TimeControl "5400+30"]

1. c4 c6 2. Nc3 Nf6 3. d4 d5 4. Nf3 e6 5. Bg5 Nbd7 6. c5 b6 7. b4 bxc5 8. bxc5 Be7 9. e3 h6 10. Bf4 O-O 11. Bd3 Nh5 12. O-O Nxf4 13. exf4 Bf6 14. Ne5 Bxe5 15. fxe5 a5 16. Rb1 Ba6 17. Bxa6 Rxa6 18. Rb7 f6 19. Qg4 Qe8 20. Re1 fxe5 21. Rxe5 Rf6 22. Re1 Qf7 23. Qg3 Rg6 24. Qd3 Nxc5 25. Rb8+ Kh7 26. dxc5 Ra7 27. Re3 e5 28. Rxe5 Qf4 29. Ree8 Qxb8 30. Rxb8 Re7 31. h4 Re5 32. Rh8+ Kxh8 33. Qxg6 Re1+ 34. Kh2 Rc1 35. Ne2 Rxc5 36. Nd4 Rb5 37. Nxb5 cxb5 38. Qe8+ Kh7 39. f4 b4 40. f5 d4 41. Qf7 d3 42. f6 d2 43. Qxg7# 1-0

[Event "Turkish Club Cup 2019"]
[Site "Konya"]
[Date "2019.07.18"]
[Round "4"]
[White "Celik, Musa"]
[Black "Daghan, Devran"]
[Result "1/2-1/2"]
[ECO "B90"]
[WhiteElo "1773"]
[BlackElo "2023"]
[Annotator "NA RC"]
[PlyCount "118"]
[EventDate "2019.07.16"]
[EventType "team-tourn"]
[EventCountry "TUR"]
[SourceTitle "playchess.com"]
[Source "ChessBase"]
[SourceQuality "1"]
[TimeControl "5400+30"]

1. e4 c5 2. Nf3 d6 3. d4 cxd4 4. Nxd4 Nf6 5. Nc3 a6 6. a4 e5 7. Nf3 Qc7 8. Bg5 Nbd7 9. Bd3 h6 10. Be3 Nc5 11. O-O Be6 12. Re1 Be7 13. Qe2 O-O 14. h3 Rac8 15. Nd2 Rfd8 16. Nf1 Nxd3 17. cxd3 d5 18. exd5 Nxd5 19. Nxd5 Rxd5 20. Rec1 Qd8 21. Rxc8 Bxc8 22. Rc1 Be6 23. Rd1 Bf5 24. Ng3 Bxd3 25. Qg4 Bg6 26. Rc1 Qd7 27. Rc8+ Kh7 28. Qc4 b5 29. axb5 axb5 30. Qc7 Qxc7 31. Rxc7 Bd6 32. Rb7 f5 33. Ba7 f4 34. Ne2 Rd1+ 35. Kh2 Be4 36. Rxb5 Ra1 37. Nc3 Ba8 38. Bb8 Bc6 39. Bxd6 Bxb5 40. Nxb5 Kg6 41. Nc3 Kf5 42. f3 g5 43. b4 Rc1 44. Ne4 h5 45. Nf2 Rb1 46. Bc5 Rc1 47. Bd6 Rb1 48. Bc5 Ke6 49. Ne4 Kf5 50. b5 g4 51. Nd6+ Ke6 52. hxg4 hxg4 53. b6 Kd5 54. Ne4 Kc6 55. Bd6 gxf3 56. gxf3 Rxb6 57. Bxe5 Kd5 58. Bxf4 Rb4 59. Kg3 Rxe4 1/2-1/2

[Event "Turkish Club Cup 2019"]
[Site "Konya"]
[Date "2019.07.18"]
[Round "4"]
[White "Gurses, Ayberk"]
[Black "Saridag, Omer Melih"]
[Result "1/2-1/2"]
[ECO "B01"]
[WhiteElo "1770"]
[BlackElo "1820"]
[Annotator "NA RC"]
[PlyCount "114"]
[EventDate "2019.07.16"]
[EventType "team-tourn"]
[EventCountry "TUR"]
[SourceTitle "playchess.com"]
[Source "ChessBase"]
[SourceQuality "1"]
[TimeControl "5400+30"]

1. e4 d5 2. exd5 Qxd5 3. Nc3 Qd6 4. d4 Nf6 5. Bc4 g6 6. Nf3 Bg7 7. O-O O-O 8. h3 a6 9. a4 b6 10. Qe2 Bb7 11. Be3 Nbd7 12. Rad1 e6 13. Ne1 Nh5 14. d5 Qe7 15. dxe6 fxe6 16. Qg4 Rf5 17. Nd3 Kh8 18. Ne4 Nhf6 19. Nxf6 Nxf6 20. Qe2 e5 21. Ne1 Ne4 22. Bd5 Bxd5 23. Rxd5 Raf8 24. Nf3 Nf6 25. Rdd1 c5 26. Nd2 Nd5 27. Nc4 e4 28. Rd2 b5 29. axb5 axb5 30. Rfd1 Nf4 31. Bxf4 Rxf4 32. Ne3 Bd4 33. Rf1 Qg5 34. Kh1 Bxb2 35. Qxb5 Bc3 36. Rd5 Qe7 37. Rd7 Qe6 38. Qb7 R4f7 39. Rxf7 Rxf7 40. Qb3 Qxb3 41. cxb3 Bd4 42. Kg1 Kg7 43. Rd1 Rb7 44. Nc2 Be5 45. Rd5 Kf6 46. Rxc5 Rxb3 47. g3 Rc3 48. Rxc3 Bxc3 49. Kf1 Ke5 50. Ke2 h5 51. Ne3 Bd4 52. Ng2 Kf5 53. Ne3+ Bxe3 54. Kxe3 g5 55. f3 exf3 56. Kxf3 Ke5 57. h4 gxh4 1/2-1/2

[Event "Turkish Club Cup 2019"]
[Site "Konya"]
[Date "2019.07.18"]
[Round "4"]
[White "Senyuz, Mustafa Zorbey"]
[Black "Kiziltas, Inanc Vefa"]
[Result "0-1"]
[ECO "B01"]
[WhiteElo "1754"]
[BlackElo "1858"]
[Annotator "NA RC"]
[PlyCount "80"]
[EventDate "2019.07.16"]
[EventType "team-tourn"]
[EventCountry "TUR"]
[SourceTitle "playchess.com"]
[Source "ChessBase"]
[SourceQuality "1"]
[TimeControl "5400+30"]

1. e4 d5 2. exd5 Nf6 3. d4 Bg4 4. Be2 Bxe2 5. Qxe2 Qxd5 6. Nf3 Nc6 7. c4 Qf5 8. O-O O-O-O 9. d5 Nb4 10. Nc3 e6 11. Bg5 exd5 12. a3 Nd3 13. Bxf6 Nf4 14. Qe5 Qg4 15. Ne1 gxf6 16. Qxf6 Nxg2 17. f3 Qh3 18. Nxg2 Rg8 19. Rf2 Bc5 20. Kf1 Bxf2 21. Kxf2 Qxg2+ 22. Ke3 d4+ 23. Kd3 dxc3+ 24. Kxc3 Qg7 25. Qxg7 Rxg7 26. Re1 Kd7 27. b4 Rg2 28. Rd1+ Ke7 29. Re1+ Kf6 30. Re4 Rxh2 31. Rf4+ Ke6 32. Re4+ Kd7 33. f4 Rh3+ 34. Kb2 Kc6 35. b5+ Kc5 36. Re7 Rd2+ 37. Kc1 Rf2 38. Rxc7+ Kd4 39. Rd7+ Kxc4 40. Rc7+ Kb3 0-1

[Event "Turkish Club Cup 2019"]
[Site "Konya"]
[Date "2019.07.18"]
[Round "4"]
[White "Toren, Kadir"]
[Black "Yenicirak, Gokdeniz Ege"]
[Result "1-0"]
[ECO "E62"]
[WhiteElo "1736"]
[BlackElo "1636"]
[Annotator "NA RC"]
[PlyCount "87"]
[EventDate "2019.07.16"]
[EventType "team-tourn"]
[EventCountry "TUR"]
[SourceTitle "playchess.com"]
[Source "ChessBase"]
[SourceQuality "1"]
[TimeControl "5400+30"]

1. Nf3 d6 2. g3 Nf6 3. Bg2 g6 4. c4 Bg7 5. d4 O-O 6. Nc3 c6 7. O-O Bd7 8. Re1 Qc7 9. b3 Re8 10. Ba3 Qa5 11. Bb2 Qh5 12. e4 e5 13. Ne2 Nxe4 14. dxe5 dxe5 15. Nh4 Ng5 16. Qd6 Ne6 17. Rad1 Rd8 18. Qb4 Na6 19. Qa5 Nac7 20. Bc1 b6 21. Qa3 Nc5 22. Rxd7 Rxd7 23. Bf3 Nd3 24. Bxh5 Nxe1 25. Nf3 Rd1 26. Nxe1 Rxe1+ 27. Kg2 gxh5 28. Qb2 Rd8 29. Be3 Ne6 30. Nc3 e4 31. Qc2 Nd4 32. Qxe4 Nxb3 33. axb3 Bxc3 34. Qxc6 Red1 35. Qh6 Bd4 36. Qg5+ Bg7 37. Qxh5 R1d3 38. b4 Rb3 39. Qg5 Rdd3 40. Qf5 Rd8 41. Qg5 Rbd3 42. c5 R3d5 43. Qg4 bxc5 44. Bh6 1-0

[Event "Turkish Club Cup 2019"]
[Site "Konya"]
[Date "2019.07.18"]
[Round "4"]
[White "Taskin, Arda"]
[Black "Karaman, Arda"]
[Result "1-0"]
[ECO "D52"]
[WhiteElo "1723"]
[BlackElo "1082"]
[Annotator "NA"]
[PlyCount "77"]
[EventDate "2019.07.16"]
[EventType "team-tourn"]
[EventCountry "TUR"]
[SourceTitle "playchess.com"]
[Source "ChessBase"]
[SourceQuality "1"]
[TimeControl "5400+30"]

1. d4 d5 2. c4 c6 3. Nc3 e6 4. Nf3 Nf6 5. Bg5 Bd6 6. e3 Nbd7 7. Bd3 h6 8. Bh4 O-O 9. O-O Qe7 10. e4 e5 11. cxd5 exd4 12. Ne2 c5 13. Bg3 Be5 14. Rc1 b6 15. h3 Qd6 16. Bc2 Ba6 17. Bd3 Bc8 18. Qb3 Nh5 19. Bxe5 Nxe5 20. Nxe5 Qxe5 21. f4 Qe7 22. e5 Bb7 23. Be4 Qd8 24. g4 Nf6 25. exf6 Qxf6 26. Qf3 Rfe8 27. Ng3 g6 28. Rce1 Ba6 29. Rf2 d3 30. Rd2 Qd4+ 31. Qf2 Qxf2+ 32. Kxf2 c4 33. f5 g5 34. Nh5 Re7 35. d6 Re5 36. Bxa8 c3 37. bxc3 Re2+ 38. Rexe2 dxe2 39. d7 1-0

[Event "Turkish Club Cup 2019"]
[Site "Konya"]
[Date "2019.07.18"]
[Round "4"]
[White "Vursan, Emre Can"]
[Black "Ercan, Mehmet Fahri"]
[Result "1-0"]
[ECO "C62"]
[WhiteElo "1714"]
[BlackElo "1883"]
[Annotator "NA RC"]
[PlyCount "51"]
[EventDate "2019.07.16"]
[EventType "team-tourn"]
[EventCountry "TUR"]
[SourceTitle "playchess.com"]
[Source "ChessBase"]
[SourceQuality "1"]
[TimeControl "5400+30"]

1. e4 e5 2. Nf3 Nc6 3. Nc3 Nf6 4. Bb5 d6 5. d4 exd4 6. Qxd4 Bd7 7. Bxc6 Bxc6 8. Bg5 Be7 9. O-O-O O-O 10. e5 Ne8 11. Bxe7 Qxe7 12. exd6 Qxd6 13. Qh4 Qf6 14. Qg3 Nd6 15. Ne5 Nf5 16. Qf4 g5 17. Ng4 gxf4 18. Nxf6+ Kh8 19. Ncd5 f3 20. gxf3 Rad8 21. Rhg1 h6 22. Rg4 Rd6 23. Rdg1 Rdd8 24. c4 Bxd5 25. cxd5 Ne7 26. Rg7 1-0

[Event "Turkish Club Cup 2019"]
[Site "Konya"]
[Date "2019.07.18"]
[Round "4"]
[White "Sinay, Ahmet"]
[Black "Sahin, Hayrun Nisa"]
[Result "1/2-1/2"]
[ECO "A48"]
[WhiteElo "1692"]
[BlackElo "1772"]
[Annotator "NA RC"]
[PlyCount "132"]
[EventDate "2019.07.16"]
[EventType "team-tourn"]
[EventCountry "TUR"]
[SourceTitle "playchess.com"]
[Source "ChessBase"]
[SourceQuality "1"]
[TimeControl "5400+30"]

1. d4 Nf6 2. Bf4 g6 3. e3 Bg7 4. Nf3 d6 5. h3 O-O 6. Be2 c5 7. c3 Qb6 8. Qc1 Nbd7 9. Nbd2 Re8 10. O-O Qc7 11. Bh2 a6 12. Re1 b5 13. a4 bxa4 14. Rxa4 Bb7 15. Ra1 Reb8 16. Ra3 a5 17. Qa1 Bc6 18. Rb1 Ne4 19. Qa2 Qb7 20. Bc4 Rf8 21. d5 Nxd2 22. Nxd2 Bb5 23. Qb3 Rfb8 24. Qxb5 Qxb5 25. Bxb5 Rxb5 26. e4 Rab8 27. Nc4 Kf8 28. Bf4 h6 29. Rxa5 Rxa5 30. Nxa5 Bxc3 31. Bxh6+ Kg8 32. Nc6 Rxb2 33. Rxb2 Bxb2 34. Nxe7+ Kh7 35. Bf4 c4 36. Nc6 c3 37. Nb4 Nb6 38. Nc2 Nc4 39. Kf1 Na3 40. Nb4 c2 41. Nd3 Bc3 42. Bc1 Nb5 43. Be3 Na3 44. Ke2 Nc4 45. Bc1 Na5 46. Bd2 Bxd2 47. Kxd2 Kg7 48. Kxc2 Nc4 49. Kb3 Nd2+ 50. Kc2 Nxe4 51. f3 Nf6 52. Nb4 Nh5 53. Kd2 Nf4 54. g3 Nxh3 55. Ke3 Ng5 56. Nc2 Nh7 57. g4 Kf6 58. Kf4 Nf8 59. Nd4 Nd7 60. g5+ Ke7 61. Nc6+ Ke8 62. Ke4 Nc5+ 63. Kd4 Nb3+ 64. Kc3 Nc5 65. Kd4 Nb3+ 66. Kc3 Nc5 1/2-1/2